 Dungeon Crawl Stone Soup version 0.22-a0-601-gb0ed703 (webtiles) character file.

1935 sking99 the Basher (level 8, -4/73 HPs)
             Began as a Minotaur Fighter on July 6, 2018.
             Was an Initiate of Gozag.
             Slain by an unseen horror (6 damage)
             ... on level 7 of the Dungeon.
             The game lasted 00:11:03 (6616 turns).

sking99 the Basher (Minotaur Fighter)               Turns: 6616, Time: 00:11:04

Health: -4/73      AC: 14    Str: 21    XL:     8   Next: 97%
Magic:  7/7        EV:  9    Int:  5    God:    Gozag
Gold:   1279       SH: 10    Dex: 15    Spells: 7/7 levels left

rFire    . . .     SeeInvis .   a - +1 flail
rCold    . . .     Gourm    .   c - +0 shield
rNeg     + . .     Faith    .   n - +6 scale mail of Iphuno {MR+}
rPois    .         Spirit   .   (helmet restricted)
rElec    .         Reflect  .   (no cloak)
rCorr    .         Harm     .   w - +0 pair of gloves
MR       +....                  (no boots)
Stlth    ..........             (no amulet)
HPRegen  0.22/turn              l - ring of positive energy (curse)
MPRegen  0.10/turn              s - +3 ring of dexterity

@: no status effects
A: retaliatory headbutt, horns 2
a: Potion Petition, Call Merchant, Bribe Branch, Renounce Religion


You were on level 7 of the Dungeon.
You worshipped Gozag.
Gozag was most pleased with you.
You were very hungry.

You visited 1 branch of the dungeon, and saw 7 of its levels.
You also visited: Sewer and Ossuary.

You collected 1335 gold pieces.
You paid 56 gold pieces to Gozag.

Inventory:

Hand Weapons
 a - a +1 flail (weapon)
Armour
 c - a +0 shield (worn)
 n - the +6 scale mail of Iphuno (worn) {MR+}
   (You found it on level 5 of the Dungeon)

   It affects your resistance to hostile enchantments.
 w - a +0 pair of gloves (worn)
Jewellery
 l - a cursed ring of positive energy (left hand)
 s - a +3 ring of dexterity (right hand)
Wands
 q - a wand of iceblast (15)
Scrolls
 b - a scroll of enchant armour {unknown}
 e - 7 scrolls of remove curse
 g - 3 scrolls of teleportation
 h - 2 scrolls of blinking
 j - 4 scrolls of identify
 t - 2 scrolls of noise {unknown}
 u - a scroll of silence {unknown}
 v - 2 scrolls of fog {unknown}
Potions
 d - a potion of might
 i - 5 potions of curing
 k - 2 potions of agility
 m - a potion of heal wounds
 o - 4 potions of flight
 p - a potion of haste
 r - a potion of brilliance {unknown}
Comestibles
 f - 14 rations


   Skills:
 - Level 7.3 Fighting
 * Level 11.0 Maces & Flails
 + Level 5.5 Armour
 + Level 3.5 Dodging
 - Level 3.6 Shields


You had 7 spell levels left.
You didn't know any spells.
Your spell library was empty.

Dungeon Overview and Level Annotations

Branches:
Dungeon (7/15)
 Temple: D:4-7

Altars:
Elyvilon
Gozag
Hepliaklqana
Kikubaaqudgha
Okawaru
Qazlal
Ru
Trog
Vehumet
Wu Jian

Shops:
D:4 *


Innate Abilities, Weirdness & Mutations

You reflexively headbutt those who attack you in melee.
You have a pair of horns on your head.


Message History

You thump something! Something hits you but does no damage.
Something hits you but does no damage. Something hits you but does no damage.
Something hits you!
There is an open door, spattered with blood here.
You closely miss something. You headbutt something! Something hits you!
* * * LOW HITPOINT WARNING * * *
Something hits you.
* * * LOW HITPOINT WARNING * * *
Something hits you but does no damage. Something hits you but does no damage.
There is an open door, spattered with blood here.
Something hits you but does no damage. Something hits you.
* * * LOW HITPOINT WARNING * * *
Something hits you!
* * * LOW HITPOINT WARNING * * *
There is an open door, spattered with blood here.
Something hits you.
You die...
Your body crumbles into a pile of gold.

# .##.. ######..#>#
#.........# ###....#.....
#########...........##
#########......##.#..#._.#....
#.......'......'@....$......#
#.####.##...^..##.#....#....#
#.####.##......+............#
#....#.........##.#.....#.#.#
####.#.#.......##.......# ..
#.#.#.......##.#.....# .#
#...#.....####.#.....###.#
#........................
#....####......#.....###.


There were no monsters in sight!

Vanquished Creatures
  Grinder (D:6)
  A hippogriff (D:7)
  2 sky beasts (D:7)
  A centaur (D:6)
  A big kobold (Sewer)
  A wyvern zombie (D:6)
  4 killer bees (D:7)
  2 centaur zombies (Ossuary)
  A crimson imp (D:5)
  A human zombie (Ossuary)
  2 quasits
  2 bullfrog skeletons
  Crazy Yiuf (D:6)
  A gnoll shaman (D:4)
  An orc priest (D:4)
  2 hounds
  A jelly (D:7)
  2 orc wizards
  An iguana (D:4)
  2 worker ants
  A hound zombie (D:7)
  3 mummies
  Robin (D:2)
  9 gnolls
  7 adders
  3 river rats
  3 shadow imps (D:5)
  4 oozes
  3 worms
  11 dart slugs
  7 leopard geckos
  9 orcs
  2 ball pythons
  2 bat zombies (D:5)
  3 giant cockroaches
  3 gnoll zombies (Ossuary)
  12 goblins
  11 hobgoblins
  11 jackals
  10 kobolds
  3 quokkas
  3 bats
  4 frilled lizards
  A goblin zombie (Ossuary)
  6 hobgoblin zombies (Ossuary)
  An orc zombie (Ossuary)
  2 quokka zombies
  14 rats
179 creatures vanquished.

Vanquished Creatures (others)
  A gnoll (D:6)
1 creature vanquished.

Grand Total: 180 creatures vanquished

Notes
Turn   | Place    | Note
-------+----------+-------------------------------------------
     0 | D:1      | sking99 the Minotaur Fighter began the quest for the Orb.
     0 | D:1      | Reached XP level 1. HP: 19/19 MP: 0/0
    85 | D:1      | Reached skill level 3 in Maces & Flails
   119 | D:1      | Reached XP level 2. HP: 27/27 MP: 1/1
   440 | D:1      | Reached XP level 3. HP: 27/33 MP: 2/2
   715 | D:2      | Noticed Robin
   734 | D:2      | Reached skill level 4 in Maces & Flails
   746 | D:2      | Killed Robin
   861 | D:2      | Reached XP level 4. HP: 41/41 MP: 3/3
  1322 | D:2      | Found an ornate altar of the Wu Jian Council.
  1644 | D:3      | Found a bloodstained altar of Trog.
  1645 | D:3      | Found an iron altar of Okawaru.
  1751 | D:3      | Reached skill level 5 in Maces & Flails
  1856 | D:3      | Found an opulent altar of Gozag.
  1907 | D:3      | Became a worshipper of Gozag Ym Sagoz the Greedy
  2305 | D:4      | Reached XP level 5. HP: 42/47 MP: 4/4
  2333 | D:4      | Reached skill level 5 in Fighting
  2618 | D:4      | Reached skill level 6 in Maces & Flails
  3135 | D:4      | Reached XP level 6. HP: 51/56 MP: 5/5
  3211 | D:4      | Found Dupyboec's General Store.
  3549 | D:4      | Reached skill level 7 in Maces & Flails
  3720 | D:4      | Found a stormy altar of Qazlal.
  3762 | D:4      | Found a hazy altar of Hepliaklqana.
  3938 | D:5      | Entered Level 5 of the Dungeon
  4106 | D:5      | Found a sacrificial altar of Ru.
  4180 | D:5      | Found a glowing drain.
  4194 | Sewer    | Entered a sewer
  4200 | Sewer    | Reached XP level 7. HP: 54/63 MP: 6/6
  4331 | Sewer    | Reached skill level 8 in Maces & Flails
  4358 | Sewer    | Found a white marble altar of Elyvilon.
  4470 | D:5      | Got an emerald-encrusted scale mail
  4481 | D:5      | Identified the +6 scale mail of Iphuno {MR+} (You found it on level 5 of the Dungeon)
  4498 | D:5      | Found a white marble altar of Elyvilon.
  4524 | D:5      | Found an ancient bone altar of Kikubaaqudgha.
  5084 | D:6      | Found a sand-covered staircase.
  5096 | Ossuary  | Entered an ossuary
  5171 | Ossuary  | Reached skill level 9 in Maces & Flails
  5397 | D:6      | Reached XP level 8. HP: 67/73 MP: 7/7
  5416 | D:6      | Noticed Grinder
  5609 | D:6      | Paralysed by Grinder for 5 turns
  5614 | D:6      | Killed Grinder
  5614 | D:6      | Reached skill level 1 in Dodging
  5723 | D:6      | Found a runed door.
  5976 | D:6      | Noticed Crazy Yiuf
  5982 | D:6      | Killed Crazy Yiuf
  6099 | D:7      | Reached skill level 10 in Maces & Flails
  6235 | D:7      | Reached skill level 5 in Armour
  6473 | D:7      | Noticed a hippogriff
  6488 | D:7      | Killed a hippogriff
  6488 | D:7      | Reached skill level 11 in Maces & Flails
  6566 | D:7      | Found a radiant altar of Vehumet.
  6615 | D:7      | HP: 2/73 [something (7)]
  6616 | D:7      | Slain by an unseen horror

Vault maps used:
D:1:      minmay_arrival_cross, lemuel_flame_loot_1
D:2:      lemuel_doored_altar, uniq_robin
D:3:      nicolae_overflow_hidden_temple, nicolae_gozag_seed_capital
D:4:      kennysheep_slugbush, lemuel_round_altar, old_standard_altar,
          serial_shops, nicolae_shop_window_shopping, first_ration
D:5:      lemuel_crystal_altar, lemuel_zombie_altar_kikubaaqudgha,
          nicolae_ru_path_of_blood, gup_sewer_entry_bubbles
D:6:      gup_ossuary_entry_pyramid, minmay_parallelograms,
          uniq_crazy_yiuf_cottage, uniq_grinder
D:7:      temple_hall, vehumet_altar_wand_db
Sewer:    sewer_kobolds
Ossuary:  minmay_ossuary_gauntlet

Skill      XL: |  1  2  3  4  5  6  7  8 |
---------------+-------------------------+-----
Maces & Flails | 3 4 5 6 7 9 11 | 11.0
Fighting       | 4 5 6 7 |  7.3
Armour         | 5 |  5.5
Dodging        | 3 |  3.5
Shields        | |  3.6

Action                   |  1- 3 |  4- 6 |  7- 9 || total
-------------------------+-------+-------+-------++-------
Melee: Flail             |    91 |   239 |   232 ||   562
       Headbutt          |     9 |    30 |    53 ||    92
  Use: Scroll            |       |    12 |       ||    12
       Potion            |       |       |     1 ||     1
 Stab: Distracted        |       |     1 |     2 ||     3
  Eat: Chunk             |       |     4 |       ||     4
       Ration            |       |     2 |     2 ||     4
Armor: Scale mail        |    34 |    53 |   141 ||   228
Dodge: Dodged            |    26 |    53 |    44 ||   123
Block: Shield            |    39 |   104 |   119 ||   262

Table legend:
 A = Spawn XP
 B = Non-spawn XP
 C = Spawn XP percentage of total XP
 D = Spawn monster count
 E = Non-spawn monster count
 F = Spawn count percentage of total count
 G = Total turns spent on level
                    A         B        C        D         E        F      G
               +---------+---------+-------+---------+---------+-------+---------
         Total |       0 |    2765 |   0.0 |       0 |     179 |   0.0 |  6616
               +---------+---------+-------+---------+---------+-------+---------
           D:1 |       0 |      46 |   0.0 |       0 |      22 |   0.0 |   707
           D:2 |       0 |      79 |   0.0 |       0 |      26 |   0.0 |   744
           D:3 |       0 |      67 |   0.0 |       0 |      21 |   0.0 |   828
           D:4 |       0 |     387 |   0.0 |       0 |      26 |   0.0 |  1659
           D:5 |       0 |     217 |   0.0 |       0 |      24 |   0.0 |   667
           D:6 |       0 |     699 |   0.0 |       0 |      16 |   0.0 |  1034
           D:7 |       0 |     961 |   0.0 |       0 |      17 |   0.0 |   540
         Sewer |       0 |     123 |   0.0 |       0 |      11 |   0.0 |   224
       Ossuary |       0 |     186 |   0.0 |       0 |      16 |   0.0 |   213
               +---------+---------+-------+---------+---------+-------+---------
